 Dungeon Crawl Stone Soup version 0.21.0-24-g2553a33 (webtiles) character file.

242793 raph the Fencer (level 19, -1/148 HPs)
             Began as a Minotaur Fighter on Jan 19, 2018.
             Was a High Priest of the Shining One.
             Killed from afar by a starcursed mass (9 damage)
             ... with an accursed screaming
             ... on level 3 of the Abyss.
             The game lasted 01:52:15 (43457 turns).

raph the Fencer (Minotaur Fighter)                 Turns: 43457, Time: 01:52:16

Health: -1/148     AC: 23    Str: 22    XL:     19   Next: 10%
Magic:  7/27       EV: 17    Int: -1    God:    the Shining One [*****.]
Gold:   724        SH:  4    Dex: 17    Spells: 18/18 levels left

rFire    . . .     SeeInvis .   A - +5 great sword (holy)
rCold    . . .     Gourm    .   (shield currently unavailable)
rNeg     + + .     Faith    .   c - +5 plate armour of Agoraphobia {rPois rCorr Int-2}
rPois    +         Spirit   .   B - +1 hat
rElec    .         Reflect  +   t - +1 cloak {MR+}
rCorr    +         Harm     .   r - +0 pair of gloves
MR       ++...     Rnd*Tele +   G - +1 pair of boots
Stlth    ..........             o - +4 amulet of reflection
HPRegen  0.34/turn              k - +4 ring of dexterity
MPRegen  0.20/turn              O - +3 ring of evasion

@: slowed, lost intelligence, glowing, very slow
A: retaliatory headbutt, horns 2, [blurry vision 2], [clumsy 2], [deformed
body], [dopey 2], [frail 1], [screaming 1], [teleportitis 1], subdued magic
1[+2]
}: 1/15 runes: serpentine
a: Divine Shield, Cleansing Flame, Summon Divine Warrior, Renounce Religion


You were on level 3 of the Abyss.
You worshipped the Shining One.
The Shining One was extremely pleased with you.
You were not hungry.

You visited 7 branches of the dungeon, and saw 32 of its levels.
You visited the Abyss 1 time.
You also visited: Bailey.

You collected 2769 gold pieces.
You spent 2045 gold pieces at shops.

Inventory:

Hand Weapons
 a - a +6 great sword of flaming
 b - a +5 longbow of flaming
 A - a +5 great sword of holy wrath (weapon)
Missiles
 h - 80 tomahawks (quivered)
 u - 8 javelins
 D - 786 arrows
 L - 6 silver tomahawks
Armour
 c - the +5 plate armour of Agoraphobia (worn) {rPois rCorr Int-2}
   (You found it on level 7 of the Dungeon)

   It affects your intelligence (-2).
   It protects you from poison.
   It protects you from acid and corrosion.
 r - a +0 pair of gloves (worn)
 t - a +1 cloak of magic resistance (worn)
 B - a +1 hat (worn)
 G - a +1 pair of boots (worn)
Jewellery
 g - an uncursed ring of ice
 j - an uncursed ring of protection from fire
 k - a +4 ring of dexterity (left hand)
 m - an uncursed ring of protection from cold
 o - a +4 amulet of reflection (around neck)
 s - an uncursed amulet of regeneration
 O - a +3 ring of evasion (right hand)
Wands
 n - a wand of disintegration (40)
 w - a wand of paralysis (44)
 x - a wand of polymorph (24)
 y - a wand of flame (113)
 N - a wand of iceblast (11)
 P - a wand of enslavement (22)
 Q - a wand of scattershot (11)
 V - a wand of digging (15)
Scrolls
 e - 14 scrolls of identify
 i - 15 scrolls of remove curse
 l - a scroll of fear
 q - 14 scrolls of teleportation
 C - 2 scrolls of magic mapping
 H - a scroll of blinking
 J - 4 scrolls of amnesia
 R - 4 scrolls of fog
Potions
 d - a potion of might
 p - a potion of curing
 v - 2 potions of flight
 z - 4 potions of brilliance
 F - 2 potions of cancellation
 I - 2 potions of magic
 M - a potion of haste
Miscellaneous
 E - a sack of spiders
 S - a phial of floods
 T - a lightning rod (4/4)
Comestibles
 f - 67 rations


   Skills:
 + Level 13.6 Fighting
 + Level 20.6 Long Blades
 - Level 20.0 Bows
 + Level 13.5 Armour
 + Level 12.0 Dodging
   Level 4.9 Shields
 + Level 12.6 Invocations
 - Level 2.0 Evocations


You had 18 spell levels left.
You didn't know any spells.

Dungeon Overview and Level Annotations

Branches:
Dungeon (15/15)            Temple (1/1) D:4            Lair (6/6) D:11
 Shoals (3/4) Lair:2        Snake (4/4) Lair:2        Slime (0/5) Lair:6
    Orc (2/2) D:9             Elf (0/3) Orc:2        Vaults (1/5) D:14
 Depths (0/5) D:15

Altars:
Ashenzari
Cheibriados
Dithmenos
Elyvilon
Fedhas
Gozag
Hepliaklqana
Kikubaaqudgha
Makhleb
Nemelex Xobeh
Okawaru
Qazlal
Ru
Sif Muna
Trog
Uskayaw
Vehumet
Wu Jian
Xom
Yredelemnul
Zin
The Shining One
Jiyva

Shops:
D:7 [   D:12 (   Orc:2 %:*%   Shoals:1 ?*}   Snake:2 *%:   Snake:4 ?}}=

Portals:
Trove: D:14 (give +7 demon blade)

Annotations:
Lair:6 1 runed door
Shoals:3 Bai Suzhen
Vaults:1 1 exclusion


Innate Abilities, Weirdness & Mutations

You reflexively headbutt those who attack you in melee.
You have a pair of horns on your head.
[Scrolls take you longer to read.]
[You are very clumsy. (Dex -4)]
[Armour fits poorly on your strangely shaped body.]
[You are very dopey. (Int -4)]
[You are frail. (-10% HP)]
[You occasionally shout uncontrollably at your foes.]
[You are occasionally teleported next to monsters.]
[Your spells are much easier to cast, but much less powerful.]


Message History

The golden flame engulfs you! You resist. The golden flame engulfs your daeva.
Your daeva completely resists.
Your daeva is lightly wounded.
The golden flame engulfs the starcursed mass.
You destroy the starcursed mass!
The golden flame engulfs the starcursed mass.
You destroy the starcursed mass!
The golden flame engulfs the wretched star.
The wretched star is lightly damaged.
The golden flame engulfs the wretched star.
The wretched star is severely damaged.
The golden flame engulfs the starcursed mass.
You destroy the starcursed mass!
You feel somewhat more hungry.
You hear a roar! x2
Your daeva closely misses the wretched star.
Your daeva hits the wretched star with an eudemon blade of holy wrath!
A starcursed mass splits.
A cacophony of accursed wailing tears at your sanity!
You die...

# .. . # . #... . #.
.....## # ##.
#.....#. ##.' ##
#..#X..... . ... .##
####.X#.Xw..# . . .
#.#.# .#XXXXX..##..
..
.........##**x##.....
....
#....#.'#A.......# .
. ..##.# ##∩#.@....##
.... ## #.###..####
.. .##.. #.#.#### ..
.. . ....... # ..#
.##.#...# ## #
....##. ## ## ## . #
. .#. #


You could see 8 starcursed masses, 2 wretched stars, an ancient zyme and a
friendly daeva.

Vanquished Creatures
  Vashnia (Snake:3)
  The ghost of Daviar the Peltast, an adept OpAK of Lugonu (Vaults:1)
  Frances (Shoals:2)
  Polyphemus (Shoals:2)
  2 tentacled starspawn (Abyss:3)
  2 fire giants
  8 nagarajas
  An orc warlord (Orc:1)
  Louise (Shoals:2)
  A vault warden (Vaults:1)
  Aizul (Snake:4)
  A very ugly thing (D:14)
  3 ironheart preservers (Vaults:1)
  A merfolk javelineer (Shoals:3)
  3 merfolk impalers
  3 yaktaur captains (Vaults:1)
  A great orb of eyes (Vaults:1)
  12 naga warriors
  7 vault guards
  14 anacondas
  2 merfolk avatars (Shoals:3)
  2 centaur warriors
  9 hydras
  A merfolk aquamancer (Shoals:3)
  3 catoblepae
  13 death yaks
  8 two-headed ogres
  An ogre mage (Vaults:1)
  3 death knights
  A deep troll shaman (Lair:6)
  3 satyrs
  14 shock serpents
  A deep troll earth mage (D:11)
  15 naga sharpshooters
  5 orc high priests (Orc:2)
  Urug (D:13)
  Sonja (D:15)
  4 sea snakes
  7 salamander mystics
  A sixfirhy (Abyss:3)
  2 flayed ghosts
  6 naga ritualists
  An unseen horror (D:13)
  A wizard (D:14)
  A phantasmal warrior (D:13)
  17 orc knights
  A harpy (shapeshifter) (Vaults:1)
  2 ironbrand convokers (Vaults:1)
  5 lindwurms
  10 harpies
  A wolf spider zombie (D:14)
  8 mana vipers
  An orc sorcerer (Orc:1)
  4 necromancers (D:14)
  13 fauns
  4 deep elf magi
  19 ugly things
  2 wolf spiders (Vaults:1)
  13 salamanders
  2 cyclopes
  5 manticores
  42 black mambas
  9 guardian serpents
  12 merfolk sirens
  5 vault sentinels (Vaults:1)
  An eye of devastation (Abyss:3)
  7 spiny frogs
  12 elephants
  3 centaur skeletons
  25 naga magi
  6 komodo dragons
  A kobold demonologist (D:11)
  A komodo dragon (shapeshifter) (Vaults:1)
  4 yaktaurs (Vaults:1)
  5 freezing wraiths
  A queen bee (D:13)
  8 trolls
  3 wind drakes
  19 merfolk
  9 meliai
  A polar bear (shapeshifter) (Vaults:1)
  16 blink frogs
  10 slime creatures
  4 hornets
  12 dream sheep
  11 hippogriffs
  2 shadows (D:15)
  6 snapping turtles
  7 wraiths
  14 yaks
  18 humans
  7 wyverns
  4 water elementals
  2 hogs (D:7)
  Eustachio (D:5)
  3 basilisks
  3 hungry ghosts
  2 vampire mosquitoes (D:14)
  11 wargs
  14 water moccasins
  44 nagas
  An acid dragon (D:13)
  10 porcupines
  4 ice beasts
  4 black bears
  53 orc warriors
  A hornet zombie (D:11)
  3 sky beasts
  An eye of draining (D:13)
  7 ogres
  3 necrophages
  14 centaurs
  10 wolves
  4 crocodiles
  Blork the orc (D:6)
  4 big kobolds
  17 bullfrogs
  A gnoll sergeant (D:10)
  An elf simulacrum (Vaults:1)
  2 scorpions (D:4)
  A wyvern skeleton (D:13)
  22 killer bees (D:13)
  2 electric eels
  15 wights
  7 howler monkeys
  10 crimson imps
  2 quasits
  2 bullfrog zombies
  8 starcursed masses (Abyss:3)
  4 centaur zombies
  5 jellies
  5 hounds
  38 orc priests
  A gnoll shaman (Orc:2)
  6 worker ants
  Ijyb (D:5)
  An iguana (D:13)
  20 orc wizards
  A killer bee zombie (D:6)
  2 centaur simulacra
  A hound skeleton (D:9)
  9 adders
  9 gnolls
  2 shadow imps
  3 oozes
  2 adder zombies
  An adder skeleton (D:9)
  4 worms
  2 dart slugs
  4 leopard geckos
  127 orcs
  11 bats
  3 giant cockroaches
  12 goblins
  7 hobgoblins
  21 jackals
  15 kobolds
  6 quokkas
  2 ball pythons (D:3)
  6 frilled lizards
  14 rats
  A plant (Lair:2)
  3 starspawn tentacles (Abyss:3)
1202 creatures vanquished.

Vanquished Creatures (collateral kills)
  A tentacled starspawn (Abyss:3)
  A nagaraja (Snake:4)
  A death knight (Vaults:1)
  2 orc knights (Vaults:1)
  A naga mage (Snake:4)
  A troll (Vaults:1)
  A wraith (Vaults:1)
  2 wargs (Vaults:1)
  A starcursed mass (Abyss:3)
11 creatures vanquished.

Vanquished Creatures (others)
  Asterion (Snake:4)
  Nessos (Lair:6)
  A yaktaur captain (Vaults:1)
  A faun (Shoals:3)
  A vault sentinel (Vaults:1)
  An orc warrior (Orc:2)
  An orc (Vaults:1)
  A fungus (Lair:2)
  26 plants
  10 starspawn tentacles (Abyss:3)
44 creatures vanquished.

Grand Total: 1257 creatures vanquished

Notes
Turn   | Place    | Note
-------+----------+-------------------------------------------
     0 | D:1      | raph the Minotaur Fighter began the quest for the Orb.
     0 | D:1      | Reached XP level 1. HP: 19/19 MP: 0/0
   118 | D:1      | Reached XP level 2. HP: 27/27 MP: 1/1
   305 | D:1      | Reached XP level 3. HP: 23/33 MP: 2/2
   578 | D:2      | Found a glowing silver altar of Zin.
   876 | D:2      | Reached XP level 4. HP: 33/40 MP: 3/3
  2368 | D:3      | Reached XP level 5. HP: 39/47 MP: 4/4
  2576 | D:3      | Found a deep blue altar of Sif Muna.
  2581 | D:3      | Found a blossoming altar of Fedhas.
  2676 | D:4      | Reached skill level 5 in Long Blades
  2749 | D:4      | Found a hide-covered altar of Uskayaw.
  2749 | D:4      | Found a shadowy altar of Dithmenos.
  2754 | D:4      | Found a sacrificial altar of Ru.
  2756 | D:4      | Found a faded altar of an unknown god.
  2757 | D:4      | Found a faded altar of an unknown god.
  2828 | D:4      | Found a snail-covered altar of Cheibriados.
  2961 | D:4      | Found a staircase to the Ecumenical Temple.
  2969 | Temple   | Entered the Ecumenical Temple
  3005 | Temple   | Became a worshipper of the Shining One
  3034 | D:4      | Reached XP level 6. HP: 46/53 MP: 5/5
  3436 | D:5      | Entered Level 5 of the Dungeon
  3469 | D:5      | Got a translucent mace
  3470 | D:5      | Identified the +5 mace of Somewhere Else {drain, rF++ Str-2 Int+5} (You found it on level 5 of the Dungeon)
  3668 | D:5      | Noticed Ijyb
  3680 | D:5      | Killed Ijyb
  3725 | D:5      | Found a deep blue altar of Sif Muna.
  3761 | D:5      | Noticed Eustachio
  3796 | D:5      | Killed Eustachio
  3796 | D:5      | Reached XP level 7. HP: 44/60 MP: 6/6
  3907 | D:5      | Found an iron altar of Okawaru.
  3917 | D:5      | Reached * piety under the Shining One
  4107 | D:5      | Found a basalt altar of Yredelemnul.
  4316 | D:6      | Noticed Blork the orc
  4326 | D:6      | Killed Blork the orc
  4577 | D:6      | Reached skill level 10 in Long Blades
  4902 | D:6      | Reached XP level 8. HP: 66/67 MP: 7/7
  5599 | D:7      | Found Onan's Antique Armour Shop.
  5613 | D:7      | Reached XP level 9. HP: 61/72 MP: 8/8
  5620 | D:7      | Got a bloodstained plate armour
  5631 | D:7      | Identified the +5 plate armour of Agoraphobia {rPois rCorr Int-2} (You found it on level 7 of the Dungeon)
  5833 | D:7      | Found a shattered altar of Ashenzari.
  6160 | D:8      | Got a smoking ring mail
  6171 | D:8      | Identified the cursed +1 ring mail of Postrut {rN+} (You found it on level 8 of the Dungeon)
  6276 | D:8      | Noticed a troll
  6282 | D:8      | Killed a troll
  6493 | D:8      | Reached ** piety under the Shining One
  6844 | D:9      | Found a staircase to the Orcish Mines.
  6897 | D:9      | Reached skill level 15 in Long Blades
  7494 | D:9      | Found an ornate altar of the Wu Jian Council.
  8001 | D:10     | Entered Level 10 of the Dungeon
  8001 | D:10     | Noticed a two-headed ogre
  8005 | D:10     | Killed a two-headed ogre
  8005 | D:10     | Reached XP level 10. HP: 79/79 MP: 9/9
  8117 | D:10     | Reached *** piety under the Shining One
  8960 | D:11     | Found a staircase to the Lair.
  8961 | D:11     | Reached **** piety under the Shining One
  9169 | D:11     | Noticed a fire giant
  9180 | D:11     | Killed a fire giant
  9180 | D:11     | Reached XP level 11. HP: 12/85 MP: 10/10
  9277 | D:11     | Noticed a two-headed ogre
  9372 | D:11     | Noticed a death knight
  9491 | D:11     | Killed a death knight
  9724 | D:11     | Killed a two-headed ogre
  9763 | D:11     | Noticed a red ugly thing
  9769 | D:11     | Killed a red ugly thing
  9786 | D:11     | Noticed a deep troll earth mage
  9791 | D:11     | Killed a deep troll earth mage
 10067 | D:11     | Noticed a flayed ghost
 10079 | D:11     | Killed a flayed ghost
 10280 | D:11     | Noticed a two-headed ogre
 10288 | D:11     | Killed a two-headed ogre
 10527 | Lair:1   | Entered Level 1 of the Lair of Beasts
 11809 | Lair:2   | Reached skill level 1 in Bows
 11809 | Lair:2   | Reached skill level 1 in Dodging
 11809 | Lair:2   | Reached skill level 1 in Invocations
 11954 | Lair:2   | Reached XP level 12. HP: 73/93 MP: 11/11
 11967 | Lair:2   | Reached skill level 5 in Fighting
 12229 | Lair:2   | Reached skill level 5 in Armour
 12248 | Lair:2   | Found a staircase to the Snake Pit.
 12592 | Lair:2   | Noticed a six-headed hydra
 12593 | Lair:2   | Found a staircase to the Shoals.
 12599 | Lair:2   | Killed a three-headed hydra
 13013 | Lair:3   | Noticed an eight-headed hydra
 13026 | Lair:3   | Killed a four-headed hydra
 13174 | Lair:3   | Noticed a four-headed hydra
 13184 | Lair:3   | Killed a one-headed hydra
 14286 | Lair:4   | Reached skill level 5 in Bows
 14286 | Lair:4   | Reached skill level 5 in Dodging
 14480 | Lair:4   | Reached XP level 13. HP: 90/105 MP: 15/15
 14580 | Lair:4   | Reached skill level 5 in Invocations
 15229 | Lair:5   | Reached ***** piety under the Shining One
 16016 | Lair:6   | Entered Level 6 of the Lair of Beasts
 16883 | Lair:6   | Found a runed door.
 16884 | Lair:6   | Found a viscous altar of Jiyva.
 16884 | Lair:6   | Noticed an acid blob
 16885 | Lair:6   | Noticed an acid blob
 16885 | Lair:6   | Noticed an acid blob
 16886 | Lair:6   | Found a staircase to the Slime Pits.
 16886 | Lair:6   | Noticed an acid blob
 16943 | Lair:6   | Noticed Nessos
 16963 | Lair:6   | Killed Nessos
 17191 | Lair:6   | Reached XP level 14. HP: 109/118 MP: 18/18
 17404 | Lair:6   | Got a glittering iron amulet
 17408 | Lair:6   | Identified the amulet "Cuoluaf" {Harm *Drain rElec rN+ Str-4} (You found it on level 6 of the Lair of Beasts)
 17793 | Orc:1    | Entered Level 1 of the Orcish Mines
 17995 | Orc:1    | Noticed an orc warlord
 18353 | Orc:1    | Killed an orc warlord
 18353 | Orc:1    | Reached skill level 10 in Fighting
 18353 | Orc:1    | Reached skill level 10 in Armour
 18650 | Orc:2    | Entered Level 2 of the Orcish Mines
 18830 | Orc:2    | Found a staircase to the Elven Halls.
 19424 | Orc:2    | Gained mutation: [Your spells are a little easier to cast, but a little less powerful.] [a neqoxec]
 20285 | Orc:2    | Found Ydah's Food Shoppe.
 20285 | Orc:2    | Found Ynejuliq's Food Shoppe.
 20286 | Orc:2    | Found Rucobb's Assorted Antiques.
 20286 | Orc:2    | Found Ishinach's Book Emporium.
 20300 | Orc:2    | Bought a potion of heal wounds for 125 gold pieces
 20633 | D:12     | Reached ****** piety under the Shining One
 21045 | D:12     | Found Afeech's Antique Weapon Shoppe.
 21734 | D:13     | Found a flagged portal.
 21746 | Bailey   | Entered a bailey
 22497 | D:13     | Reached XP level 15. HP: 96/130 MP: 17/20
 22507 | D:13     | Identified a +5 great sword of holy wrath (a +3 great sword blessed by the Shining One)
 22507 | D:13     | Received a gift from the Shining One
 22982 | D:13     | Noticed Urug
 22991 | D:13     | Killed Urug
 23722 | D:14     | Found a gate to the Vaults.
 23731 | D:14     | Reached skill level 10 in Bows
 23747 | D:14     | Reached skill level 10 in Dodging
 24149 | D:14     | Found a portal to a secret trove of treasure.
 24550 | D:15     | Entered Level 15 of the Dungeon
 24565 | D:15     | Found a staircase to the Depths.
 24565 | D:15     | Noticed a fire giant
 24875 | D:15     | Noticed Sonja
 24882 | D:15     | Killed Sonja
 25023 | D:15     | Killed a fire giant
 26186 | D:7      | Bought a runed plate armour for 598 gold pieces
 26186 | D:7      | Bought a smelly plate armour for 644 gold pieces
 26206 | D:7      | Identified the +0 plate armour of Ryx Tose {-Cast rPois rC- SInv} (You bought it in a shop on level 7 of the Dungeon)
 26337 | Shoals:1 | Entered Level 1 of the Shoals
 26342 | Shoals:1 | Reached skill level 10 in Invocations
 26495 | Shoals:1 | Found Teemagi's Gadget Shop.
 26644 | Shoals:1 | Found Cemiude's General Store.
 26694 | Shoals:1 | Reached skill level 1 in Evocations
 26701 | Shoals:1 | Reached XP level 16. HP: 106/141 MP: 22/22
 27068 | Shoals:1 | Found Moxt's Magic Scroll Shop.
 27077 | Shoals:1 | Bought a scroll of enchant weapon for 120 gold pieces
 27077 | Shoals:1 | Bought 3 scrolls of enchant weapon for 360 gold pieces
 27698 | Shoals:2 | Noticed Louise
 27714 | Shoals:2 | Killed Louise
 28185 | Shoals:2 | Noticed Polyphemus
 28196 | Shoals:2 | Killed Polyphemus
 28510 | Shoals:2 | Noticed Frances
 29003 | Shoals:2 | Killed Frances
 30636 | Shoals:3 | Noticed Bai Suzhen
 30749 | Snake:1  | Entered Level 1 of the Snake Pit
 31724 | Snake:1  | Reached skill level 15 in Bows
 31933 | Snake:1  | Reached XP level 17. HP: 132/148 MP: 23/23
 33129 | Snake:2  | You fall through a shaft!
 34133 | Snake:2  | Found Runilen's Assorted Antiques.
 34135 | Snake:2  | Found Gepsapomm's Food Emporium.
 34137 | Snake:2  | Found Fikesot's Book Shoppe.
 35683 | Snake:3  | Noticed Vashnia
 36173 | Snake:3  | Killed Vashnia
 37516 | Snake:4  | Entered Level 4 of the Snake Pit
 37649 | Snake:4  | Found Ofyfogaw's Jewellery Boutique.
 37649 | Snake:4  | Found Siotupsait's Gadget Emporium.
 37650 | Snake:4  | Found Xeteucod's Gadget Emporium.
 37686 | Snake:4  | Found Bel Jost's Magic Scroll Shop.
 37694 | Snake:4  | Bought a scroll of enchant weapon for 135 gold pieces
 37897 | Snake:4  | Found a white marble altar of Elyvilon.
 38471 | Snake:4  | Noticed Aizul
 38484 | Snake:4  | Killed Aizul
 38756 | Snake:4  | Reached XP level 18. HP: 156/156 MP: 24/24
 39737 | Snake:4  | Noticed Asterion
 40161 | Snake:4  | Bought a scroll of magic mapping for 63 gold pieces
 40229 | Snake:4  | Killed Asterion
 40664 | Snake:4  | Got a serpentine rune of Zot
 41011 | Vaults:1 | Entered Level 1 of the Vaults
 41890 | Vaults:1 | Noticed Daviar's ghost (adept OpAK)
 41900 | Vaults:1 | Killed Daviar's ghost
 42831 | Vaults:1 | HP: 6/158 [deep elf annihilator/iron shot[an ironheart preserver] (42)]
 43156 | Vaults:1 | Reached XP level 19. HP: 159/165 MP: 27/27
 43382 | Vaults:1 | Cast into level 3 of the Abyss (a deep elf sorcerer)
 43441 | Abyss:3  | Paralysed by accursed screaming for 1 turns
 43441 | Abyss:3  | Lost intelligence.
 43451 | Abyss:3  | Paralysed by accursed screaming for 2 turns
 43454 | Abyss:3  | Paralysed by accursed screaming for 2 turns
 43455 | Abyss:3  | HP: 7/148 [starcursed mass/accursed screaming (12)]
 43457 | Abyss:3  | Killed from afar by a starcursed mass

Skill      XL: |  1  2  3  4  5  6  7  8  9 10 11 12 13 14 15 16 17 18 19 |
---------------+----------------------------------------------------------+-----
Shields        | 4 |  4.9
Long Blades    | 3 4 6 8 10 13 15 18 20 | 20.6
Fighting       | 4 7 9 11 12 13 | 13.6
Armour         | 4 7 9 11 12 13 | 13.5
Bows           | 1 5 7 9 10 15 18 20 | 20.0
Dodging        | 1 5 7 9 10 11 12 | 12.0
Invocations    | 1 4 6 8 10 12 | 12.6
Evocations     | 1 2 |  2.0

Action                   |  1- 3 |  4- 6 |  7- 9 | 10-12 | 13-15 | 16-18 | 19-21 || total
-------------------------+-------+-------+-------+-------+-------+-------+-------++-------
Melee: Long sword        |    97 |   126 |       |       |       |       |       ||   223
       Headbutt          |    13 |    36 |    35 |    78 |   243 |   186 |    13 ||   604
       Great sword       |       |    71 |   176 |   378 |   957 |   639 |    23 ||  2244
 Fire: Shortbow          |       |       |     3 |    25 |    14 |       |       ||    42
       Longbow           |       |       |       |       |   229 |   724 |    24 ||   977
Throw: Tomahawk          |       |     4 |       |       |     1 |       |       ||     5
Invok: Divine Shield     |       |       |       |     3 |     9 |    14 |       ||    26
       Cleansing Flame   |       |       |       |       |     4 |     6 |     3 ||    13
       Brand Weapon With |       |       |       |       |     1 |       |       ||     1
       Summon Divine War |       |       |       |       |       |     3 |     1 ||     4
Evoke: Wand              |       |       |       |     2 |     4 |     6 |       ||    12
       Lightning rod     |       |       |       |       |       |     2 |       ||     2
  Use: Scroll            |       |       |    21 |    10 |     9 |    18 |       ||    58
       Potion            |       |       |       |     1 |     9 |    12 |       ||    22
  Eat: Chunk             |       |     7 |    12 |    15 |    38 |    23 |     2 ||    97
       Ration            |       |     1 |       |     2 |     1 |     9 |       ||    13
Armor: Scale mail        |    54 |     2 |       |       |       |       |       ||    56
       Plate armour      |       |   115 |    64 |   203 |   431 |   372 |    15 ||  1200
       Chain mail        |       |       |    41 |       |       |       |       ||    41
Dodge: Dodged            |    38 |    48 |    51 |   115 |   589 |   546 |    14 ||  1401
Block: Shield            |    45 |   107 |       |       |       |       |       ||   152
       Other             |       |    20 |    33 |    57 |   223 |   295 |     3 ||   631
       Reflection        |       |       |       |     3 |    14 |    52 |       ||    69
       Rpst.: Long sword |    13 |     5 |       |       |       |       |       ||    18
       Great sword       |       |     9 |    15 |    29 |   126 |    91 |     1 ||   271
